 Dungeon Crawl Stone Soup version 0.29-a0-1023-g6ae1a4a2c7 (webtiles) character file.

Game seed: 15158417500503599604

11 BritishOli the Trooper (level 2, 24/24 HPs)
             Began as a Demonspawn Fighter on Aug 11, 2022.
             Got out of the dungeon alive.
             The game lasted 00:00:58 (465 turns).

BritishOli the Trooper (Demonspawn Fighter)          Turns: 465, Time: 00:00:59

Health: 24/24      AC:  6    Str: 16    XL:     2   Next: 17%
Magic:  2/2        EV:  8    Int:  9    God:
Gold:   71         SH:  4    Dex: 12    Spells: 1/1 levels left

rFire   . . .      SeeInvis .   a - +0 long sword
rCold   . . .      Faith    .   c - +0 buckler
rNeg    . . .      Spirit   .   b - +0 scale mail
rPois   .          Reflect  .   (no helmet)
rElec   .          Harm     .   (no cloak)
rCorr   .          Rampage  .   (no gloves)
Will    .....                   (no boots)
Stlth   ..........              (no amulet)
HPRegen 0.08/turn               (no ring)
MPRegen 0.16/turn               (no ring)

@: no status effects
A: magic regeneration
a: no special abilities


You escaped.
You visited 1 branch of the dungeon, and saw 1 of its levels.

You collected 71 gold pieces.

Inventory:

Hand Weapons
 a - a +0 long sword (weapon)
Armour
 b - a +0 scale mail (worn)
 c - a +0 buckler (worn)
Scrolls
 e - a scroll of summoning {unknown}
 f - a scroll of identify {unknown}
 g - a scroll of butterflies {unknown}
Potions
 d - a potion of might
 h - 2 potions of haste {unknown}
 i - a potion of mutation {unknown}


   Skills:
 + Level 3.1 Fighting
 + Level 2.0 Long Blades
 + Level 2.9 Armour
 + Level 2.8 Shields


You had one spell level left.
You didn't know any spells.
Your spell library was empty.

Dungeon Overview and Level Annotations

Branches:
Dungeon (1/15)

Altars:


Innate Abilities, Weirdness & Mutations

You regenerate magic rapidly.


Message History

You hit the jackal but do no damage. The jackal barely misses you.
The jackal bites you but does no damage.
You miss the jackal. You block the jackal's attack.
The jackal bites you but does no damage.
You closely miss the jackal.
The jackal bites you but does no damage. x2
You barely miss the jackal.
The jackal bites you but does no damage. x2
You miss the jackal. You block the jackal's attack.
You slash the jackal!
You kill the jackal!
No target in view!
No target in view!
No target in view!
No target in view!
No target in view!
No target in view!
No target in view!
No target in view!
No target in view!
No target in view!
No target in view!
No target in view!
No target in view!
No target in view!
No target in view!
No target in view!
No target in view!
No target in view!
No target in view!
No target in view!
No target in view!
No target in view!
You see here a jackal corpse.
Found a scroll labelled GUNIUL KOIBRO.
There is a staircase leading out of the dungeon here.
Are you sure you want to leave the Dungeon?
This will make you lose the game! [Y]es or [N]o only, please.
Are you sure you want to leave the Dungeon?
This will make you lose the game!
You have escaped!

.....#..............#.
.. ...
#.....#......###. ...
..####.###..........
#.. #..
#..##......###.
..##..##..##..........
#.. #..####..........
#..##..##...#........
#..##.....#........
#.@##........
#..##..##...... #..
#..# ...#.. ..# ..##..
..# . #.. #.. ...#.#
## ### ##.#.# .# . #


There were no monsters in sight!

Vanquished Creatures
  2 endoplasms (D:1)
  2 hobgoblins (D:1)
  2 jackals (D:1)
  A kobold (D:1)
  A bat (D:1)
  2 rats (D:1)
10 creatures vanquished.

Notes
Turn   | Place    | Note
-------+----------+-------------------------------------------
     0 | D:1      | BritishOli the Demonspawn Fighter began the quest for the
                  | Orb.
     0 | D:1      | Reached XP level 1. HP: 18/18 MP: 1/1
   389 | D:1      | Gained mutation: You regenerate magic rapidly. [demonic
                  | ancestry]
   389 | D:1      | Reached XP level 2. HP: 24/24 MP: 2/2
   465 | D:$      | Got out of the dungeon alive.

Illustrated notes

Levels and vault maps discovered:
D:1:      lightli_iron_boxes, layout_basic

Skill      XL: |  1 |
---------------+----+-----
Long Blades    | 2 |  2.0
Fighting       | |  3.1
Armour         | |  2.9
Shields        | |  2.8

Action                   || total
-------------------------++-------
Melee: Long sword        ||    41
Armor: Scale mail        ||    27
Dodge: Dodged            ||    14
Block: Buckler           ||    10

Table legend: (Time is in decaauts)
 A = Elapsed time spent in this place.
 B = Non-inter-level travel time spent in this place.
 C = Inter-level travel time spent in this place.
 D = Time resting spent in this place.
 E = Time spent auto-exploring this place.
 F = Levels seen in this place.
 G = Mean time per level.
                   A        B        C        D        E       F      G
               +--------+--------+--------+--------+--------+-----+--------+
         Total |    479 |    439 |     40 |    154 |    188 |   1 |  479.0 |
       Dungeon |    479 |    439 |     40 |    154 |    188 |   1 |  479.0 |
               +--------+--------+--------+--------+--------+-----+--------+

Top non-repeatable levels by time:
     D:1: 479 daAuts
